 Dungeon Crawl Stone Soup version 0.28.0-49-g6dfe1f597d (webtiles) character file.

Game seed: 18373003109260851499

1167 Peloso the Slasher (level 8, -8/68 HPs)
             Began as a Minotaur Fighter on May 11, 2022.
             Mangled by a two-headed ogre
             ... wielding a +0 dire flail
              (23 damage)
             ... on level 5 of the Dungeon.
             The game lasted 00:06:16 (4685 turns).

Peloso the Slasher (Minotaur Fighter)               Turns: 4685, Time: 00:06:16

Health: -8/68      AC: 11    Str: 21    XL:     8   Next: 17%
Magic:  7/7        EV:  8    Int:  5    God:
Gold:   193        SH:  5    Dex: 12    Spells: 7/7 levels left

rFire   . . .      SeeInvis .   a - +0 long sword (venom)
rCold   . . .      Faith    .   c - +0 buckler
rNeg    . . .      Spirit   .   o - +0 chain mail
rPois   .          Reflect  .   (helmet restricted)
rElec   .          Harm     .   k - +0 cloak
rCorr   .          Rampage  .   (no gloves)
Will    .....                   (no boots)
Stlth   ..........              (no amulet)
HPRegen 0.21/turn               (no ring)
MPRegen 0.10/turn               (no ring)

@: no status effects
A: horns 2, retaliatory headbutt
a: no special abilities


You were on level 5 of the Dungeon.
You visited 1 branch of the dungeon, and saw 5 of its levels.

You collected 193 gold pieces.

Inventory:

Hand Weapons
 a - a +0 long sword of venom (weapon)
Armour
 b - a +0 scale mail
 c - a +0 buckler (worn)
 k - a +0 cloak (worn)
 o - a +0 chain mail (worn)
Wands
 l - a wand of flame (6)
Scrolls
 e - a scroll of fear
 m - 2 scrolls of fog
 p - a scroll of blinking
Potions
 d - 2 potions of might
 f - 2 potions of brilliance
 g - a potion of berserk rage
 h - 2 potions of curing
 i - a potion of heal wounds {unknown}
 j - a potion of ambrosia {unknown}


   Skills:
 + Level 5.2 Fighting
 + Level 7.5 Long Blades
 + Level 7.3 Armour
 + Level 2.5 Dodging
 + Level 0.4 Stealth
 + Level 5.6 Shields


You had 7 spell levels left.
You didn't know any spells.
Your spell library contained the following spells:

 Spells                   Type           Power      Damage    Failure   Level
 Call Imp                 Summ           0%         N/A       100%        2
 Call Canine Familiar     Summ           0%         N/A       100%        3
 Dazzling Flash           Conj/Hex       0%         N/A       100%        3
 Iskenderun's Mystic Bla  Conj/Tloc      0%         2d3       100%        4
 Starburst                Conj/Fire      0%         6d3       100%        6
 Haunt                    Necr/Summ      0%         N/A       100%        7
 Discord                  Hex            0%         N/A       100%        8


Dungeon Overview and Level Annotations

Branches:
Dungeon (5/15)
 Temple: D:4-7

Altars:
Wu Jian
Yredelemnul


Innate Abilities, Weirdness & Mutations

You have a pair of horns on your head.
You reflexively headbutt those who attack you in melee.


Message History

Aiming: Throw Flame
Press: ? - help, Shift-Dir - straight line, f/p - two-headed ogre
Aim: a two-headed ogre, wielding a +0 dire flail and a +0 giant club (lightly wounded, 85% to hit)
The puff of flame hits the two-headed ogre.
The two-headed ogre is lightly wounded.
You hit the two-headed ogre but do no damage.
The two-headed ogre is poisoned.
The two-headed ogre is lightly wounded.
The two-headed ogre hits you but does no damage.
The two-headed ogre hits you with a +0 giant club.
You barely miss the two-headed ogre.
The two-headed ogre is lightly wounded.
You block the two-headed ogre's attack.
The two-headed ogre hits you with a +0 giant club.
You barely miss the two-headed ogre.
The two-headed ogre is moderately wounded.
You block the two-headed ogre's attack. The two-headed ogre misses you.
You slash the two-headed ogre!
The two-headed ogre is heavily wounded.
The two-headed ogre hits you with a +0 dire flail!
The two-headed ogre hits you with a +0 giant club!
You hit the two-headed ogre but do no damage.
The two-headed ogre looks even sicker.
The two-headed ogre is heavily wounded.
The two-headed ogre hits you with a +0 dire flail.
The two-headed ogre hits you with a +0 giant club.
You completely miss the two-headed ogre.
The two-headed ogre is heavily wounded.
You hit the two-headed ogre but do no damage.
The two-headed ogre looks as sick as possible!
The two-headed ogre is heavily wounded.
The two-headed ogre hits you with a +0 dire flail.
The two-headed ogre hits you with a +0 giant club!
* * * LOW HITPOINT WARNING * * *
You hit the two-headed ogre but do no damage.
The two-headed ogre looks as sick as possible!
You headbutt the two-headed ogre, but do no damage.
The two-headed ogre is severely wounded.
The two-headed ogre hits you with a +0 dire flail!!
You die...

..... #........................
...# #.....................###
... #........................ ..
##...P...............###..
....PP≈...............##...
≈.P≈≈≈≈P..##.............##
..P≈≈♣PP≈≈≈..##..........#...#
#.≈.♣♣♣♣♣♣≈P.O##.........##...
.##.P≈ ♣≈≈P.@.........†......
....≈≈♣♣♣♣♣≈≈P................##
....P≈≈♣≈P≈≈P...#>#............#
......P≈.≈P≈≈#..#####.........##
.......PP....##...............##
.......÷.≈.#.#..............)#..
#..........#....................
##......).##..#.##..............
#........#..##.###.............


You could see a two-headed ogre (extremely poisoned).

Vanquished Creatures
  Menkaure (D:5)
  2 water moccasins
  A sky beast (D:5)
  3 ogres
  A necrophage (D:4)
  2 hounds (D:5)
  2 jellies
  A centaur skeleton (D:5)
  An iguana (D:5)
  A scorpion zombie (D:4)
  Natasha (twice) (D:3)
  A hound zombie (D:4)
  4 gnolls
  3 adders
  An adder skeleton (D:4)
  2 worms
  5 dart slugs
  An orc (D:5)
  5 endoplasms
  3 giant cockroaches (D:1)
  4 goblins
  7 hobgoblins
  2 jackals (D:1)
  5 kobolds
  5 quokkas
  6 ball pythons
  7 bats
  3 frilled lizards
  6 rats
87 creatures vanquished.

Vanquished Creatures (others)
  9 plants (D:5)
9 creatures vanquished.

Grand Total: 96 creatures vanquished

Notes
Turn   | Place    | Note
-------+----------+-------------------------------------------
     0 | D:1      | Peloso the Minotaur Fighter began the quest for the Orb.
     0 | D:1      | Reached XP level 1. HP: 19/19 MP: 0/0
   181 | D:1      | Reached XP level 2. HP: 26/27 MP: 1/1
   243 | D:1      | Found a faded altar of an unknown god.
   243 | D:1      | Noticed an orange demon
  1087 | D:2      | Reached XP level 3. HP: 19/33 MP: 2/2
  1228 | D:2      | Found an ornate altar of the Wu Jian Council.
  1681 | D:2      | Got the Handbook of Supportive Beguiling
  2200 | D:3      | Noticed Natasha
  2206 | D:3      | Killed Natasha
  2207 | D:3      | Reached XP level 4. HP: 30/40 MP: 3/3
  2418 | D:3      | Noticed Natasha
  2427 | D:3      | Killed Natasha
  2766 | D:4      | Reached skill level 5 in Armour
  2766 | D:4      | Reached XP level 5. HP: 46/47 MP: 4/4
  3307 | D:4      | Noticed a necrophage
  3321 | D:4      | Killed a necrophage
  3430 | D:4      | Reached XP level 6. HP: 53/53 MP: 5/5
  3568 | D:4      | Found a basalt altar of Yredelemnul.
  3608 | D:5      | Entered Level 5 of the Dungeon
  3610 | D:5      | Noticed a water moccasin
  3617 | D:4      | Reached skill level 5 in Long Blades
  3617 | D:4      | Reached skill level 1 in Dodging
  3632 | D:4      | Killed a water moccasin
  3635 | D:4      | HP: 2/53 [gnoll/+0 whip (2)]
  3916 | D:5      | Reached XP level 7. HP: 60/60 MP: 6/6
  4084 | D:5      | Reached skill level 5 in Shields
  4131 | D:5      | Reached skill level 5 in Fighting
  4344 | D:5      | Reached XP level 8. HP: 57/68 MP: 7/7
  4437 | D:5      | Noticed Menkaure
  4444 | D:5      | Killed Menkaure
  4598 | D:5      | Noticed a two-headed ogre
  4685 | D:5      | Mangled by a two-headed ogre

Illustrated notes

Levels and vault maps discovered:
D:1:      lightli_arrival_farm, layout_loops_ring,
          dreamdust_ecumenical_altar_sealed_demon
D:2:      wad_river_or_something, layout_loops_ring, basic_altar
D:3:      layout_rooms, uniq_natasha
D:4:      layout_basic, lemuel_zombie_altar_yredelemnul, minivault_24,
          kennysheep_generic_room_12
D:5:      layout_cave_pools, minitemple, st_stairs_10, nrook_mini_backslash,
          serial_bayou_pond_c, uniq_menkaure

Skill      XL: |  1  2  3  4  5  6  7 |
---------------+----------------------+-----
Armour         | 4 5 6 7 |  7.3
Fighting       | 4 5 |  5.2
Shields        | 4 5 |  5.6
Long Blades    | 3 4 5 7 |  7.5
Dodging        | 1 2 |  2.5
Stealth        | |  0.4

Action                   |  1- 3 |  4- 6 |  7- 9 || total
-------------------------+-------+-------+-------++-------
Melee: Long sword        |   107 |    79 |    52 ||   238
       Headbutt          |    11 |    17 |    11 ||    39
Evoke: Wand              |       |       |     2 ||     2
  Use: Scroll            |     6 |     4 |       ||    10
       Potion            |     2 |     2 |       ||     4
Armor: Scale mail        |    43 |     8 |       ||    51
       Chain mail        |       |    34 |    21 ||    55
Dodge: Dodged            |    51 |    36 |    28 ||   115
Block: Buckler           |    22 |    24 |    17 ||    63
